 Dungeon Crawl Stone Soup version 0.30.1-9-gdf580d7c3d (webtiles) character file.

Game seed: 3465409352686385206

389 booth the Chopper (level 6, -6/56 HPs)
             Began as a Hill Orc Monk on Sept 27, 2023.
             Splashed by a jelly's acid (7 damage)
             ... in a sewer.
             The game lasted 00:25:06 (5116 turns).

booth the Chopper (Hill Orc Monk)                   Turns: 5116, Time: 00:25:06

Health: -6/56      AC:  2    Str: 16    XL:     6   Next: 79%
Magic:  8/8        EV: 12    Int: 10    God:
Gold:   265        SH:  3    Dex: 13    Spells: 5/5 levels left

rFire   . . .        a - +0 hand axe
rCold   . . .        b - +0 buckler
rNeg    . . .        l - +0 leather armour
rPois   .            (no helmet)
rElec   .            (no cloak)
rCorr   .            (no gloves)
SInv    .            m - +2 pair of boots
Will    .....        (no amulet)
Stlth   +            (no ring)
HPRegen 0.29/turn    (no ring)
MPRegen 0.11/turn

%: no passive effects
@: corroded, very slow
A: no striking features
a: no special abilities


You were in a sewer.
You visited 1 branch of the dungeon, and saw 5 of its levels.
You also visited: Sewer.

You collected 265 gold pieces.

Inventory:

Hand Weapons
 a - a +0 hand axe (weapon)
 e - a +0 war axe
Missiles
 i - 2 boomerangs (quivered)
 s - 5 javelins
 w - 12 poisoned darts
Armour
 b - a +0 buckler (worn)
 d - an orb of light
 l - a +0 leather armour (worn)
 m - a +2 pair of boots (worn)
 n - a +0 ring mail
Jewellery
 j - a +6 ring of intelligence
Scrolls
 f - 2 scrolls of teleportation
 g - 3 scrolls of silence
 o - a scroll of butterflies
 u - a scroll of amnesia
 v - a scroll of fear
 x - a scroll of fog
 y - a scroll of poison {unknown}
Potions
 c - a potion of ambrosia
 h - 4 potions of curing
 k - 3 potions of invisibility
 p - a potion of berserk rage
 q - 3 potions of mutation
 r - a potion of heal wounds
 t - 3 potions of haste
 z - a potion of cancellation {unknown}
 A - a potion of might


   Skills:
 + Level 5.3 Fighting
 * Level 6.6 Axes
 + Level 3.6 Dodging
 + Level 3.2 Invocations


You had 5 spell levels left.
You didn't know any spells.
Your spell library contained the following spells:

 Spells                   Type           Power      Damage    Failure   Level
 Lesser Beckoning         Tloc           0%         N/A       67%         2
 Static Discharge         Conj/Air       0%         2-2/arc   67%         2
 Gell's Gravitas          Tloc           0%         N/A       88%         3
 Inner Flame              Hex/Fire       0%         N/A       88%         3
 Teleport Other           Tloc           0%         N/A       88%         3
 Airstrike                Air            0%         2d(0-16)  99%         4
 Cause Fear               Hex            0%         N/A       99%         4
 Flame Wave               Conj/Fire      0%         2d4       99%         4
 Sticky Flame             Conj/Fire      0%         2d3       99%         4
 Summon Lightning Spire   Summ/Air       0%         N/A       99%         4
 Dragon Form              Tmut           0%         N/A       100%        7
 Dragon's Call            Summ           0%         N/A       100%        9


Dungeon Overview and Level Annotations

Branches:
Dungeon (5/15)             Temple (0/1) D:4           Sewer (1/1)

Altars:

Shops:
D:4 *


Message History

The giant cockroach closely misses you. You block the jelly's attack.
The giant cockroach bites you. The endoplasm hits you.
You hit the jelly. The acid corrodes you!
Your hands burn!
The jelly is moderately wounded.
You hit the endoplasm.
You hit the giant cockroach but do no damage.
The jelly barely misses you.
The giant cockroach splashes around in the water.
The endoplasm freezes you.
You are frozen.
You hit the jelly but do no damage.
Your hands burn!
The jelly is moderately wounded.
You barely miss the endoplasm. You hit the giant cockroach.
You kill the giant cockroach!
The jelly misses you. The endoplasm freezes you.
You are frozen.
You hit the jelly.
Your hands burn!
The jelly is heavily wounded.
You hit the endoplasm but do no damage. The jelly closely misses you.
The endoplasm freezes you.
You are frozen.
Your unstable footing causes you to fumble your attack.
The jelly hits you.
You are splashed with acid!
The endoplasm freezes you.
You are frozen.
You hit the jelly but do no damage.
Your hands burn!
* * * LOW HITPOINT WARNING * * *
The jelly is heavily wounded.
You hit the endoplasm but do no damage. The jelly hits you.
* * * LOW HITPOINT WARNING * * *
You are splashed with acid!
* * * LOW HITPOINT WARNING * * *
The endoplasm freezes you.
You are frozen.
* * * LOW HITPOINT WARNING * * *
The jelly attacks as you move away! The jelly hits you.
* * * LOW HITPOINT WARNING * * *
You are splashed with acid!
You die...

## ##.. ##~~ #?~.
##∩~ # #..~#
#~.~### .# #
#.~.. #~.##.##
.### # #...
#.~#~..#.~... #
#~.##.~~..##.....
# #~JJ##.~~##~.~#
# #~@~~~~.#~~~# #
##.....~...# #
###~~~..~.## #
###....~~## #
##~.÷~.~..##
##~..###....#
#..~##.##.~.##
#.~##~~.##..~###
#~~..~~~~#..~.~##


You could see a jelly and an endoplasm.

Vanquished Creatures
  A black bear (D:4)
  A jelly (Sewer)
  An iguana (D:4)
  An orc wizard (D:5)
  5 adders
  A river rat (Sewer)
  A shadow imp (D:5)
  An ufetubus (D:3)
  5 worms
  A dart slug (D:4)
  10 orcs
  8 bats
  10 endoplasms
  11 giant cockroaches
  7 goblins
  3 hobgoblins
  4 jackals (D:4)
  7 kobolds
  6 quokkas
  13 ball pythons
  10 frilled lizards
  9 rats
116 creatures vanquished.

Notes
Turn   | Place    | Note
-------+----------+-------------------------------------------
     0 | D:1      | booth the Hill Orc Monk began the quest for the Orb.
     0 | D:1      | Reached XP level 1. HP: 19/19 MP: 1/1
   250 | D:1      | Reached XP level 2. HP: 26/27 MP: 2/2
  1022 | D:2      | Reached XP level 3. HP: 20/33 MP: 3/3
  1943 | D:3      | Reached XP level 4. HP: 14/41 MP: 4/4
  2090 | D:3      | Reached skill level 5 in Axes
  2315 | D:3      | Found a faded altar of an unknown god.
  2632 | D:3      | Reached skill level 1 in Invocations
  3271 | D:4      | Reached XP level 5. HP: 39/47 MP: 6/6
  3313 | D:4      | Found a staircase to the Ecumenical Temple.
  3479 | D:4      | Noticed a black bear
  3504 | D:4      | Killed a black bear
  3505 | D:4      | Reached skill level 5 in Fighting
  3505 | D:4      | Reached skill level 6 in Axes
  3715 | D:4      | Reached XP level 6. HP: 51/56 MP: 7/7
  4076 | D:4      | Found Ea-nāṣir's Fine Metal Goods.
  4345 | D:5      | Entered Level 5 of the Dungeon
  4735 | D:5      | Found a glowing drain.
  4775 | Sewer    | Entered a sewer
  5115 | Sewer    | HP: 2/56 [frozen (2)]
  5116 | Sewer    | Splashed by a jelly's acid

Illustrated notes

Levels and vault maps discovered:
D:1:      grunt_arrival_crossed_arrows, layout_loops_ring, bh_walls_and_bars
D:2:      layout_basic, minmay_misc_feat_plants, grunt_ministairs_10,
          st_stairs_14, minmay_pentomino_x4
D:3:      layout_loops_corners, shapermc_ecumenical_altar_ellora,
          minmay_stone_trees_small, minmay_fractal_squares_gapless_5
D:4:      layout_loops_corners, minmay_temple_entry_glass, dk_vineyard_3,
          nicolae_ea-nasir_strikes_again, minmay_cupped
D:5:      wad_crossroads, layout_loops_ring, xom_teletrap_fun,
          gup_sewer_entry_pipe
Sewer:    sewer_hellmonk_slimy_pipes

Skill      XL: |  1  2  3  4  5  6 |
---------------+-------------------+-----
Fighting       | 4 5 |  5.3
Dodging        | 3 |  3.6
Axes           | 5 6 |  6.6
Invocations    | 1 2 3 |  3.2

Action                     |  1- 3 |  4- 6 || total
---------------------------+-------+-------++-------
  Melee: Hand axe          |   114 |   341 ||   455
  Throw: Javelin           |       |     5 ||     5
         Boomerang         |       |     1 ||     1
    Use: Scroll            |     8 |     5 ||    13
         Potion            |     1 |     2 ||     3
   Stab: Sleeping          |       |     1 ||     1
 Armour: Robe              |     8 |       ||     8
         Leather armour    |    17 |   123 ||   140
  Dodge: Dodged            |    58 |   197 ||   255
  Block: Buckler           |    10 |    47 ||    57
